 Dungeon Crawl Stone Soup version 0.32-a0-131-g9dbbe29261 (webtiles) character file.

Game seed: 10797238834299047145

77 cforsyth the Magician (level 4, -3/34 HPs)
             Began as a Djinni Hexslinger on Feb 8, 2024.
             Slain by a river rat (4 damage)
             ... in a sewer.
             The game lasted 00:03:22 (2245 turns).

cforsyth the Magician (Djinni Hexslinger)           Turns: 2245, Time: 00:03:23

Health: -3/34      AC:  2    Str:  7    XL:     4   Next: 58%
Gold:   232        EV: 12    Int: 16    God:
                   SH:  0    Dex: 16

rFire   + + .        a - +1 sling
rCold   x . .        (no shield)
rNeg    + . .        c - +0 robe
rPois   ∞            (no helmet)
rElec   .            (no cloak)
rCorr   .            (no gloves)
SInv    .            (boots unavailable)
Will    .....        (no amulet)
Stlth   +            N - ring of positive energy
HPRegen 0.25/turn    (no ring)
MPRegen 0.00/turn

%: infuse magic (-4 HP)
@: flying
A: sickness immunity, fire resistance 2, cold vulnerability 1, float, innate
caster, HP casting, extra vitality 1
a: no special abilities


You were in a sewer.
You visited 1 branch of the dungeon, and saw 3 of its levels.
You also visited: Sewer.

You collected 232 gold pieces.


Innate Abilities, Weirdness & Mutations

You are immune to sickness and miasma.
You are immune to poison.
Your flesh is very heat resistant. (rF++)
You are vulnerable to cold. (rC-)
You float through the air rather than walking.
You learn spells naturally, not from books.
Your magical power is your life essence.
You have superior vitality. (+4 MHP)


   Skills:
 + Level 2.9 Fighting
 - Level 1.5 Ranged Weapons
 - Level 2.1 Dodging
 + Level 3.4 Spellcasting
 + Level 3.4 Conjurations
 + Level 3.4 Hexes
 + Level 3.4 Summonings
 + Level 3.4 Necromancy
 + Level 3.4 Translocations
 + Level 3.4 Fire Magic
 + Level 3.4 Ice Magic
 + Level 3.4 Air Magic
 + Level 3.4 Earth Magic
 + Level 3.4 Alchemy


You knew the following spells:

 Your Spells              Type           Power      Damage    Failure   Level
c - Cause Fear            Hex            6%         N/A       41%         4
f - Inner Flame           Hex/Fire       13%        N/A       13%         3
z - Shock                 Conj/Air       52%        1d6       4%          1
X - Jinxbite              Hex            26%        N/A       7%          2
Y - Sigil of Binding      Hex            13%        N/A       13%         3
Z - Dimensional Bullseye  Hex/Tloc       6%         N/A       41%         4
Your spell library was empty.

Inventory:

Hand Weapons
 a - a +1 sling (weapon)
Armour
 c - a +0 robe (worn)
Jewellery
 N - a ring of positive energy (left hand)
Scrolls
 b - a scroll of poison
 e - 5 scrolls of teleportation {@r2@r2}
 f - a scroll of blinking
 g - a scroll of immolation {unknown}
 h - a scroll of noise {unknown}
 i - 2 scrolls of identify {unknown}
 k - a scroll of revelation {unknown}
Potions
 d - 3 potions of lignification {unknown}
 j - a potion of magic {unknown}
 l - a potion of curing {unknown}
 m - a potion of cancellation {unknown}
 n - 3 potions of enlightenment

Dungeon Overview and Level Annotations

Branches:
Dungeon (3/15)              Sewer (1/1)

Altars:

▒ ▒▒▒▒▒▒ ▒. ▒▒▒.÷.~▒▒ ..r
▒▒...~~†~▒▒▒ ..†
▒▒▒▒▒▒▒...~~~▒~~≈▒ rr~≈
▒.......~~~≈~▒.▒≈▒▒~~≈▒
▒.▒▒~~@r~~≈≈≈▒.▒≈▒~r≈▒
▒.▒≈≈≈▒▒▒~▒▒▒▒.▒▒≈≈▒
▒▒▒▒▒▒▒▒▒▒▒~~≈▒▒▒..~...▒.▒▒▒▒▒
~~~~~÷~~~~†~≈≈▒ ▒......▒▒.
≈≈≈~≈▒▒▒▒▒▒▒▒▒▒ ▒▒▒▒▒▒▒▒ ▒
▒▒▒▒▒▒▒▒ .~~~~∩∩▒ ▒.~~~▒▒▒
▒▒.~▒▒


You could see a river rat.


Message History

The river rat barely misses you.
You shoot a sling bullet.
The sling bullet closely misses the river rat.
The river rat closely misses you. The river rat barely misses you.
You shoot a sling bullet.
The sling bullet closely misses the river rat.
The river rat closely misses you.
You shoot a sling bullet.
The sling bullet hits the river rat but does no damage.
The river rat is severely wounded.
The river rat closely misses you.
You shoot a sling bullet.
The sling bullet hits the river rat but does no damage.
The river rat is severely wounded.
The river rat closely misses you. The river rat bites you.
* * * LOW HITPOINT WARNING * * *
You shoot a sling bullet.
The sling bullet hits the river rat but does no damage.
The river rat is severely wounded.
The river rat bites you!
* * * LOW HITPOINT WARNING * * *
You shoot a sling bullet.
The sling bullet hits the river rat but does no damage.
The river rat is severely wounded.
The river rat bites you!
* * * LOW HITPOINT WARNING * * *
You shoot a sling bullet.
The sling bullet barely misses the river rat.
The river rat bites you.
You die...

Skill      XL: |  1  2 |
---------------+-------+-----
Spellcasting   | 3 |  3.4
Conjurations   | 3 |  3.4
Hexes          | 3 |  3.4
Summonings     | 3 |  3.4
Necromancy     | 3 |  3.4
Translocations | 3 |  3.4
Fire Magic     | 3 |  3.4
Ice Magic      | 3 |  3.4
Air Magic      | 3 |  3.4
Earth Magic    | 3 |  3.4
Alchemy        | 3 |  3.4
Fighting       | 2 |  2.9
Ranged Weapons | |  1.5
Dodging        | |  2.1

Action                     |  1- 3 |  4- 6 || total
---------------------------+-------+-------++-------
  Melee: Unarmed           |       |    17 ||    17
         Punch             |       |     1 ||     1
   Fire: Sling             |   129 |    72 ||   201
    Use: Scroll            |       |     2 ||     2
 Armour: Robe              |    47 |    24 ||    71
  Dodge: Dodged            |    57 |    35 ||    92

Levels and vault maps discovered:
D:1:      psy_arrival_fountain, layout_rooms
D:2:      layout_basic, minmay_hexomino_r4
D:3:      layout_basic, portal_sewer_entry_f, uniq_terence, uniq_pargi
Sewer:    sewer_sea

Notes
Turn   | Place    | Note
-------+----------+-------------------------------------------
     0 | D:1      | cforsyth the Djinni Hexslinger began the quest for the Orb.
     0 | D:1      | cforsyth set off with the following spells memorised:
                  | Jinxbite, Sigil of Binding, Inner Flame, Cause Fear,
                  | Dimensional Bullseye.
     0 | D:1      | Reached XP level 1. HP: 17/17 MP: 0/0
   112 | D:1      | Reached XP level 2. HP: 12/22 MP: 0/0
   265 | D:1      | Reached skill level 3 in Spellcasting
   265 | D:1      | Reached skill level 3 in Conjurations
   265 | D:1      | Reached skill level 3 in Hexes
   265 | D:1      | Reached skill level 3 in Summonings
   265 | D:1      | Reached skill level 3 in Necromancy
   265 | D:1      | Reached skill level 3 in Translocations
   265 | D:1      | Reached skill level 3 in Fire Magic
   265 | D:1      | Reached skill level 3 in Ice Magic
   265 | D:1      | Reached skill level 3 in Air Magic
   265 | D:1      | Reached skill level 3 in Earth Magic
   265 | D:1      | Reached skill level 3 in Alchemy
   531 | D:1      | Reached skill level 2 in Fighting
   531 | D:1      | Reached XP level 3. HP: 28/28 MP: 0/0
   531 | D:1      | Learned a level 1 spell: Shock
  1204 | D:2      | Reached XP level 4. HP: 32/34 MP: 0/0
  1765 | D:3      | Found a glowing drain.
  1858 | Sewer    | Entered a sewer
  2244 | Sewer    | HP: 1/34 [river rat (8)]
  2245 | Sewer    | Slain by a river rat

Vanquished Creatures
  2 dart slugs
  5 ball pythons
  7 endoplasms
  8 giant cockroaches
  5 goblins
  6 hobgoblins
  5 jackals (D:2)
  4 quokkas
  3 bats
  9 frilled lizards
  3 kobolds
  9 rats
66 creatures vanquished.

Table legend: (Time is in decaauts)
 A = Elapsed time spent in this place.
 B = Non-inter-level travel time spent in this place.
 C = Inter-level travel time spent in this place.
 D = Time resting spent in this place.
 E = Time spent auto-exploring this place.
 F = Levels seen in this place.
 G = Mean time per level.
                   A        B        C        D        E       F      G
               +--------+--------+--------+--------+--------+-----+--------+
         Total |   2305 |   2235 |     70 |    200 |   1560 |   4 |  576.2 |
       Dungeon |   1908 |   1838 |     70 |      0 |   1472 |   3 |  636.0 |
         Sewer |    396 |    396 |      0 |    200 |     88 |   1 |  396.0 |
               +--------+--------+--------+--------+--------+-----+--------+

Top non-repeatable levels by time:
     D:2: 1015 daAuts
     D:1: 588 daAuts
   Sewer: 396 daAuts
     D:3: 305 daAuts

Table legend:
 A = Non-vault XP
 B = Vault XP
 C = Vault XP percentage of total XP
 D = Non-vault monster count
 E = Vault monster count
 F = Vault count percentage of total count
                 A         B        C        D         E       F
            +---------+---------+-------+---------+---------+-------
      Total |      72 |      38 |  34.5 |      40 |      26 |  39.4
            +---------+---------+-------+---------+---------+-------
        D:1 |      30 |       0 |   0.0 |      17 |       0 |   0.0
        D:2 |      35 |      11 |  23.9 |      19 |       7 |  26.9
        D:3 |       7 |       8 |  53.3 |       4 |       4 |  50.0
      Sewer |       0 |      19 | 100.0 |       0 |      15 | 100.0
            +---------+---------+-------+---------+---------+-------
